 Dungeon Crawl Stone Soup version 0.26-a0-757-g626ac9e51a (webtiles) character file.

Game seed: 6751185593180088702

21 miscthings the Sneak (level 2, 0/27 HPs)
             Began as a Palentonga Delver on Nov 8, 2020.
             Succumbed to an adder's poison
             ... on level 2 of the Dungeon.
             The game lasted 00:00:36 (237 turns).

miscthings the Sneak (Palentonga Delver)             Turns: 237, Time: 00:00:36

Health: 0/27       AC:  4    Str: 14 (15) XL:     2   Next: 62%
Magic:  2/2        EV:  9    Int:  7 (10) God:
Gold:   10         SH:  0    Dex:  8 (11) Spells: 1/1 levels left

rFire    . . .     SeeInvis +   a - +0 hand axe
rCold    . . .     Faith    .   (no shield)
rNeg     . . .     Spirit   .   b - +0 leather armour
rPois    .         Reflect  .   (no helmet)
rElec    .         Harm     .   (no cloak)
rCorr    .         Rampage  .   (no gloves)
MR       .....                  (no barding)
Stlth    ++........             (no amulet)
HPRegen  0.09/turn              (no ring)
MPRegen  0.08/turn              (no ring)

@: lethally poisoned (0 -> -1), lightly drained
A: large, rugged brown scales 3, see invisible, deformed body, roll, armoured
tail
a: Rolling Charge


You were on level 2 of the Dungeon.
You visited 1 branch of the dungeon, and saw 4 of its levels.

You collected 10 gold pieces.

Inventory:

Hand Weapons
 a - a +0 hand axe (weapon)
Armour
 b - a +0 leather armour (worn)
Wands
 g - a wand of digging (3)
Scrolls
 c - a scroll of fog
 d - a scroll of magic mapping
 e - a scroll of fear
 i - a scroll of remove curse {unknown}
 j - a scroll of teleportation {unknown}
Potions
 f - a potion of haste


   Skills:
 + Level 3.1(2.6) Fighting
 + Level 2.1(1.6) Axes
 + Level 0.2(0.0) Armour
 + Level 1.6(1.2) Dodging
 + Level 3.7(3.2) Stealth


You had one spell level left.
You didn't know any spells.
Your spell library was empty.

Dungeon Overview and Level Annotations

Branches:
Dungeon (5/15)
 Temple: D:4-7

Altars:


Innate Abilities, Weirdness & Mutations

You are completely covered in rugged brown scales. (AC +3, +7% HP)
You have supernaturally acute eyesight. (SInv)
Armour fits poorly on your strangely shaped body.
You can roll at foes to attack.
You have a long armoured tail.


Message History

You hit the adder.
You kill the adder!
You hit the dart slug. The dart slug launches a dart at you.
The slug dart hits you.
* * * LOW HITPOINT WARNING * * *
You hit the dart slug.
The dart slug is heavily wounded.
* * * LOW HITPOINT WARNING * * *
You feel sick. The dart slug launches a dart at you.
The slug dart hits you but does no damage.
It was a potion of degeneration.
There was something very wrong with that liquid.
You feel weakened.
You feel dopey.
You feel clumsy. The dart slug closely misses you.
You slash the dart slug!
You kill the dart slug!
You see here a rat corpse.
You die...

####.#..........#>.
#....#.................
#.....................
♣..(....>............
≈...>†..............
..###..............
♣####.............. ♣
♣.....#.......##†## ≈≈≈
########....#.##@#
#≈≈≈≈
.)..###.#.##†#...≈w≈
..#. #......)...... #
..#..#.###........
.#..#...# .≈≈♣≈P≈≈≈
..........P≈P≈≈≈≈≈P .
##....#♣≈≈≈≈≈≈≈≈≈
####.##P≈≈≈≈≈≈≈≈
#)...≈♣♣≈≈P≈≈


There were no monsters in sight!

Vanquished Creatures
  An adder (D:2)
  An ooze (D:2)
  A dart slug (D:2)
  A giant cockroach (D:2)
  A kobold (D:2)
  A bat (D:2)
  A rat (D:2)
7 creatures vanquished.

Vanquished Creatures (others)
  3 plants (D:2)
3 creatures vanquished.

Grand Total: 10 creatures vanquished

Notes
Turn   | Place    | Note
-------+----------+-------------------------------------------
     0 | D:5      | miscthings the Palentonga Delver began the quest for the
                  | Orb.
     0 | D:5      | Reached XP level 1. HP: 20/20 MP: 1/1
    51 | D:3      | Noticed an orc wizard
   226 | D:2      | Reached XP level 2. HP: 17/27 MP: 2/2
   232 | D:2      | HP: 1/27 [dart slug/slug dart (4)]
   237 | D:2      | Succumbed to an adder's poison

Illustrated notes

Levels and vault maps discovered:
D:2:      layout_rooms, serial_bayou, serial_bayou_ford_a, serial_bayou_pond_d,
          serial_bayou_lagoon_a, serial_bayou_lake_a, serial_bayou_crossing,
          serial_park_tiny_pond, kennysheep_jessica_study
D:3:      layout_rooms, nicolae_overflow_hidden_temple,
          kennysheep_generic_room_13, uniq_sigmund, uniq_jessica, uniq_terence
D:4:      layout_loops_ring, grunt_temple_overflow_order_and_chaos_2,
          kennysheep_mini_moat, gup_sewer_entry_bubbles, serial_shops,
          nicolae_shop_overgrown_old_shop
D:5:      layout_basic, gammafunk_temple_overflow_claw, serial_shops,
          kennysheep_mini

Action                   || total
-------------------------++-------
Melee: Hand axe          ||    24
 Abil: Rolling Charge    ||     3
  Use: Potion            ||     1
Armor: Leather armour    ||    17
Dodge: Dodged            ||    23

Table legend: (Time is in decaauts)
 A = Elapsed time spent in this place.
 B = Non-inter-level travel time spent in this place.
 C = Inter-level travel time spent in this place.
 D = Time resting spent in this place.
 E = Time spent auto-exploring this place.
 F = Levels seen in this place.
 G = Mean time per level.
                   A        B        C        D        E       F      G
               +--------+--------+--------+--------+--------+-----+--------+
         Total |    241 |    239 |      2 |    123 |     29 |   4 |   60.2 |
       Dungeon |    241 |    239 |      2 |    123 |     29 |   4 |   60.2 |
               +--------+--------+--------+--------+--------+-----+--------+

Top non-repeatable levels by time:
     D:2: 187 daAuts
     D:5: 26 daAuts
     D:4: 19 daAuts
     D:3: 8 daAuts
